 Dungeon Crawl Stone Soup version 0.31-a0-851-g7ff8af7976 (webtiles) character file.

Game seed: 4402420567181190129

893 croobank the Chiller (level 8, -3/58 HPs)
             Began as a Gnoll Ice Elementalist on Oct 7, 2023.
             Slain by a lemure (4 damage)
             ... led by Pikel
             ... on level 6 of the Dungeon on Oct 8, 2023.
             The game lasted 00:36:11 (4452 turns).

croobank the Chiller (Gnoll Ice Elementalist)       Turns: 4452, Time: 00:36:11

Health: -3/58      AC: 14    Str:  9    XL:     8   Next: 6%
Magic:  9/16       EV: 14    Int: 16    God:
Gold:   510        SH:  0    Dex: 12    Spells: 4/18 levels left

rFire   . . .        n - +2 dagger (venom)
rCold   + . .        (no shield)
rNeg    . . .        p - +2 robe {rC+}
rPois   .            (no helmet)
rElec   .            (no cloak)
rCorr   .            (no gloves)
SInv    .            o - +2 pair of boots
Will    .....        (no amulet)
Stlth   +++          u - +4 ring of slaying
HPRegen 0.29/turn    (no ring)
MPRegen 0.15/turn

%: no passive effects
@: mighty, ice-armoured
A: fangs 1, strong nose, distributed training
a: no special abilities


You were on level 6 of the Dungeon.
You visited 1 branch of the dungeon, and saw 6 of its levels.
You also visited: Ossuary.

You collected 510 gold pieces.

Inventory:

Hand Weapons
 a - a +0 spear
 i - a +0 short sword
 j - a +0 sling
 n - a +2 dagger of venom (weapon)
 y - a +0 war axe
 A - a +4 flail of protection
Missiles
 r - 5 poisoned darts (quivered)
 w - 9 boomerangs
 x - 3 javelins
Armour
 f - a +0 ring mail
 g - a +0 leather armour
 o - a +2 pair of boots (worn)
 p - a +2 robe of cold resistance (worn)
Jewellery
 u - a +4 ring of slaying (left hand)
Scrolls
 h - a scroll of torment
 m - a scroll of revelation
Potions
 b - a potion of magic
 d - a potion of ambrosia
 k - 2 potions of enlightenment
 l - a potion of brilliance {unknown}
 q - 3 potions of curing {unknown}
 s - 2 potions of attraction {unknown}
 t - a potion of degeneration {unknown}
 v - 2 potions of haste {unknown}
 z - a potion of mutation {unknown}


   Skills:
 + Level 3.0 Fighting
 + Level 3.0 Short Blades
 + Level 3.0 Long Blades
 + Level 3.0 Axes
 + Level 3.0 Maces & Flails
 + Level 3.0 Polearms
 + Level 3.0 Staves
 + Level 3.0 Ranged Weapons
 + Level 3.0 Throwing
 + Level 3.0 Armour
 + Level 5.5 Dodging
 + Level 5.2 Stealth
 + Level 3.0 Shields
 + Level 3.0 Unarmed Combat
 + Level 5.8 Spellcasting
 + Level 2.4 Conjurations
 + Level 2.4 Hexes
 + Level 2.4 Summonings
 + Level 2.4 Necromancy
 + Level 2.4 Translocations
 + Level 2.4 Transmutations
 + Level 2.4 Fire Magic
 + Level 7.5 Ice Magic
 + Level 2.4 Air Magic
 + Level 2.4 Earth Magic
 + Level 2.4 Poison Magic
 + Level 3.2 Invocations
 + Level 3.0 Evocations
 + Level 2.6 Shapeshifting


You had 4 spell levels left.
You knew the following spells:

 Your Spells              Type           Power      Damage    Failure   Level
a - Freeze                Ice            100%       1d10      1%          1
b - Frozen Ramparts       Ice            56%        1d9       1%          3
c - Ozocubu's Armour      Ice            28%        N/A       1%          3
d - Summon Ice Beast      Ice/Summ       20%        N/A       19%         4
e - Hailstorm             Conj/Ice       20%        3d6       5%          3

Your spell library contained the following spells:

 Spells                   Type           Power      Damage    Failure   Level
 Lesser Beckoning         Tloc           24%        N/A       8%          2
 Gell's Gravitas          Tloc           12%        N/A       16%         3
 Teleport Other           Tloc           12%        N/A       16%         3
 Simulacrum               Ice/Necr       10%        N/A       95%         6


Dungeon Overview and Level Annotations

Branches:
Dungeon (6/15)            Ossuary (visited)
 Temple: D:4-7

Altars:
Uskayaw

Annotations:
D:6 Pikel


Innate Abilities, Weirdness & Mutations

You have very sharp teeth.
Your uncanny sense of smell can sniff out nearby items.
Your experience applies equally to all skills.


Message History

The lemure closely misses you. Pikel completely misses you.
The lemure hits you but does no damage.
You puncture Pikel!
Pikel is moderately wounded.
The centaur misses you. The centaur completely misses you.
You closely miss Pikel.
Pikel is moderately wounded.
The centaur closely misses you.
The centaur kicks you but does no damage.
The orc closely misses you. The lemure barely misses you.
Pikel hits you with a +2 whip of electrocution!
You are electrocuted!
The lemure hits you but does no damage.
You hit Pikel.
Pikel is heavily wounded.
The centaur closely misses you. The centaur misses you.
The orc closely misses you.
Pikel hits you with a +2 whip of electrocution.
* * * LOW HITPOINT WARNING * * *
The lemure hits you but does no damage.
The centaur hits you but does no damage.
The centaur closely misses you.
You puncture Pikel!
Pikel is severely wounded.
Pikel completely misses you. The orc barely misses you. The centaur misses you.
The centaur barely misses you. The lemure closely misses you.
The lemure barely misses you. The lemure hits you but does no damage.
Okay, then.
Casting: Frozen Ramparts (safe; 1% risk of failure)
Confirm with . or Enter, or press ? or * to list all spells.
Aiming: Freeze (safe; 1% risk of failure)
Press: ? - help, Shift-Dir - straight line, f - lemure
Aim: a lemure You freeze the lemure.
The lemure is lightly wounded.
The centaur hits you but does no damage.
The centaur closely misses you. The orc hits you but does no damage.
Pikel zaps a wand.
Your mind is blasted!
* * * LOW HITPOINT WARNING * * *
The lemure hits you but does no damage. The lemure hits you.
You die...

#...) #####.##..### #....
#######.....#......
###....####.......###........
.....$...............<.^...>.
.......#†.........#.#........
......<......$......#.#.###.#
....##..............#.#.# #..
....#.......55........#.# #.#
............@5........#.# #.#
# #......†.Kco.......... #.#
#..........5........... #
...................... #
.................... #
...................
..................
.................. ∆
....[......o...


You could see Pikel, 4 lemures, a centaur (poisoned) and an orc.

Vanquished Creatures
  Edmund (D:6)
  A water moccasin (D:5)
  A phantom (D:5)
  A scorpion (D:5)
  A centaur zombie (Ossuary)
  2 orc priests (D:5)
  A human zombie (Ossuary)
  3 hounds
  Jessica (D:3)
  A sleepcap (D:5)
  2 iguanas
  An orc wizard (D:5)
  2 mummies (Ossuary)
  7 adders
  3 dart slugs
  23 orcs
  5 endoplasms
  A giant cockroach (D:3)
  A gnoll zombie (Ossuary)
  7 goblins
  4 hobgoblins
  2 quokkas
  3 ball pythons
  A bat (D:2)
  A frilled lizard (D:2)
  5 goblin zombies (Ossuary)
  A hobgoblin zombie (Ossuary)
  7 kobolds
  5 orc zombies (Ossuary)
94 creatures vanquished.

Vanquished Creatures (collateral kills)
  A jelly (D:5)
1 creature vanquished.

Grand Total: 95 creatures vanquished

Notes
Turn   | Place    | Note
-------+----------+-------------------------------------------
     0 | D:1      | croobank the Gnoll Ice Elementalist began the quest for the
                  | Orb.
     0 | D:1      | Reached XP level 1. HP: 13/13 MP: 6/6
   301 | D:1      | Reached XP level 2. HP: 6/19 MP: 4/7
   746 | D:2      | Reached skill level 5 in Spellcasting
   746 | D:2      | Reached XP level 3. HP: 20/25 MP: 4/9
   792 | D:2      | Learned a level 3 spell: Frozen Ramparts
   949 | D:2      | Reached skill level 1 in Invocations
  1094 | D:2      | Reached skill level 1 in Fighting
  1094 | D:2      | Reached skill level 1 in Short Blades
  1094 | D:2      | Reached skill level 1 in Long Blades
  1094 | D:2      | Reached skill level 1 in Axes
  1094 | D:2      | Reached skill level 1 in Maces & Flails
  1094 | D:2      | Reached skill level 1 in Polearms
  1094 | D:2      | Reached skill level 1 in Staves
  1094 | D:2      | Reached skill level 1 in Ranged Weapons
  1094 | D:2      | Reached skill level 1 in Throwing
  1094 | D:2      | Reached skill level 1 in Armour
  1094 | D:2      | Reached skill level 1 in Shields
  1094 | D:2      | Reached skill level 1 in Unarmed Combat
  1094 | D:2      | Reached skill level 1 in Evocations
  1195 | D:2      | Found a hide-covered altar of Uskayaw.
  1373 | D:3      | Reached skill level 1 in Shapeshifting
  1373 | D:3      | Reached XP level 4. HP: 32/32 MP: 7/11
  1377 | D:3      | Learned a level 3 spell: Ozocubu's Armour
  1744 | D:3      | Noticed Jessica
  1751 | D:3      | Killed Jessica
  1752 | D:3      | Reached skill level 1 in Conjurations
  1752 | D:3      | Reached skill level 1 in Hexes
  1752 | D:3      | Reached skill level 1 in Summonings
  1752 | D:3      | Reached skill level 1 in Necromancy
  1752 | D:3      | Reached skill level 1 in Translocations
  1752 | D:3      | Reached skill level 1 in Transmutations
  1752 | D:3      | Reached skill level 1 in Fire Magic
  1752 | D:3      | Reached skill level 1 in Air Magic
  1752 | D:3      | Reached skill level 1 in Earth Magic
  1752 | D:3      | Reached skill level 1 in Poison Magic
  1985 | D:4      | Reached XP level 5. HP: 37/37 MP: 12/12
  1990 | D:4      | Learned a level 4 spell: Summon Ice Beast
  2027 | D:4      | Found a sand-covered staircase.
  2033 | Ossuary  | Entered an ossuary
  2038 | Ossuary  | Learned a level 3 spell: Hailstorm
  2478 | Ossuary  | Reached XP level 6. HP: 32/44 MP: 10/13
  3364 | D:5      | Entered Level 5 of the Dungeon
  3365 | D:5      | Noticed a water moccasin
  3370 | D:5      | Killed a water moccasin
  3371 | D:5      | Reached skill level 5 in Dodging
  3426 | D:5      | Reached XP level 7. HP: 27/50 MP: 15/15
  3627 | D:5      | Reached skill level 5 in Stealth
  4352 | D:6      | Noticed Edmund
  4357 | D:6      | Killed Edmund
  4358 | D:6      | Reached XP level 8. HP: 44/57 MP: 9/16
  4440 | D:6      | Noticed Pikel
  4452 | D:6      | HP: 1/58 [disintegration (17)]
  4452 | D:6      | Slain by a lemure

Illustrated notes

Levels and vault maps discovered:
D:1:      erik_arrival_blinker_ship, layout_basic
D:2:      layout_rooms, basic_altar
D:3:      layout_rooms, minmay_misc_feat_secret_circle, uniq_jessica
D:4:      layout_loops_ring, enter_ossuary_5
D:5:      layout_rooms, corexii_item_surrounded_by_moat,
          minmay_misc_feat_pillars
D:6:      layout_basic, uniq_pikel, uniq_edmund

Skill      XL: |  1  2  3  4  5  6  7  8 |
---------------+-------------------------+-----
Spellcasting   | 5 |  5.8
Invocations    | 1 2 3 |  3.2
Fighting       | 1 2 3 |  3.0
Short Blades   | 1 2 3 |  3.0
Long Blades    | 1 2 3 |  3.0
Axes           | 1 2 3 |  3.0
Maces & Flails | 1 2 3 |  3.0
Polearms       | 1 2 3 |  3.0
Staves         | 1 2 3 |  3.0
Ranged Weapons | 1 2 3 |  3.0
Throwing       | 1 2 3 |  3.0
Armour         | 1 2 3 |  3.0
Shields        | 1 2 3 |  3.0
Unarmed Combat | 1 2 3 |  3.0
Evocations     | 1 2 3 |  3.0
Shapeshifting  | 1 2 |  2.6
Conjurations   | 1 2 |  2.4
Hexes          | 1 2 |  2.4
Summonings     | 1 2 |  2.4
Necromancy     | 1 2 |  2.4
Translocations | 1 2 |  2.4
Transmutations | 1 2 |  2.4
Fire Magic     | 1 2 |  2.4
Air Magic      | 1 2 |  2.4
Earth Magic    | 1 2 |  2.4
Poison Magic   | 1 2 |  2.4
Dodging        | 5 |  5.5
Stealth        | 5 |  5.2
Ice Magic      | |  7.5

Action                     |  1- 3 |  4- 6 |  7- 9 || total
---------------------------+-------+-------+-------++-------
  Melee: Spear             |    16 |       |       ||    16
         Unarmed           |     5 |       |       ||     5
         Bite              |     2 |    17 |     1 ||    20
         Punch             |     1 |     4 |     1 ||     6
         Short sword       |     9 |       |       ||     9
         Dagger            |       |   116 |    28 ||   144
  Throw: Dart              |       |       |     3 ||     3
   Cast: Freeze            |    23 |     3 |     1 ||    27
         Frozen Ramparts   |     2 |    17 |     9 ||    28
         Ozocubu's Armour  |       |    11 |     8 ||    19
         Summon Ice Beast  |       |       |     1 ||     1
    Use: Scroll            |       |    10 |     2 ||    12
         Potion            |       |     2 |     2 ||     4
   Stab: Sleeping          |     2 |     7 |     2 ||    11
         Distracted        |       |       |     1 ||     1
 Armour: Robe              |     1 |    82 |    43 ||   126
         Leather armour    |    14 |     2 |       ||    16
  Dodge: Dodged            |    20 |    81 |    51 ||   152

Table legend: (Time is in decaauts)
 A = Elapsed time spent in this place.
 B = Non-inter-level travel time spent in this place.
 C = Inter-level travel time spent in this place.
 D = Time resting spent in this place.
 E = Time spent auto-exploring this place.
 F = Levels seen in this place.
 G = Mean time per level.
                   A        B        C        D        E       F      G
               +--------+--------+--------+--------+--------+-----+--------+
         Total |   4437 |   4328 |    109 |    916 |   2299 |   7 |  633.9 |
       Dungeon |   3895 |   3786 |    109 |    608 |   2256 |   6 |  649.2 |
       Ossuary |    541 |    541 |      0 |    308 |     43 |   1 |  541.0 |
               +--------+--------+--------+--------+--------+-----+--------+

Top non-repeatable levels by time:
     D:4: 866 daAuts
     D:5: 747 daAuts
     D:1: 672 daAuts
     D:2: 642 daAuts
     D:3: 633 daAuts
 Ossuary: 541 daAuts
     D:6: 333 daAuts
